AoeStats
← Your father like an elephant

Lombardia

510076245Analyzed
3v3 RM · 2d ago on Sep 29, 2026· 47m 49s· 6 players
Game mode
Random Map
Map size
Normal (6 player)
Population
200
Speed
Normal
Resources
Standard
Victory
Conquest
Starting age
Dark Age
Ending age
Imperial Age
RankedLock teamsTeams togetherTeam positionsShared explorationLock speedFull tech treeHidden civsTurbo modeCheats
Victory
Defeat
🇨🇳 Hindustanis · China
1351
+11
🇨🇳 Magyars · China
1296
+12
🇨🇳 Spanish · China
1281
+13
🇺🇸 Danes · United States
1225
-12
1225
-12
1225
-12
🍌
6:18 Loom
9:12 Feudal Age
10:09 Double-Bit Axe
14:02 Bloodlines
16:41 Scale Barding Armor
21:43 Castle Age
20:48 Stone Mining
20:51 Gold Mining
20:44 Horse Collar
21:45 Light Cavalry
24:34 Wheelbarrow
24:45 Bow Saw
24:38 Heavy Plow
25:41 Chain Barding Armor
26:57 Husbandry
35:27 Imperial Age
33:34 Gold Shaft Mining
33:22 Hand Cart
32:56 Town Watch
35:16 Fletching
35:27 Padded Archer Armor
35:57 Corvinian Army
35:46 Elite Magyar Huszar
37:04 Plate Barding Armor
36:24 Bodkin Arrow
37:32 Chemistry
37:11 Conscription
37:39 Crop Rotation
38:31 Two-Man Saw
40:53 Ballistics
40:38 Bracer
41:15 Leather Archer Armor
41:49 Recurve Bow
42:00 Thumb Ring
42:21 Parthian Tactics
42:12 Heavy Cavalry Archer
43:40 Hoardings
43:55 Ring Archer Armor
47:12 Town Patrol
46:54 Treadmill Crane
47:25 Masonry
47:21 Siege Engineers
47:38 Caravan
LiquidHero
10:37 Feudal Age
12:14 Double-Bit Axe
14:34 Castle Age
12:23 Double-Bit Axe
13:49 Loom
15:01 Loom
16:04 Bow Saw
15:42 Horse Collar
23:55 Wheelbarrow
26:00 Husbandry
26:11 Bloodlines
27:11 Padded Archer Armor
28:21 Hand Cart
29:58 Town Watch
34:31 Imperial Age
34:14 Leather Archer Armor
35:33 Conscription
36:01 Ring Archer Armor
36:41 Chemistry
36:48 Caravan
36:22 Elite Conquistador
39:19 Hoardings
43:56 Scale Barding Armor
44:02 Forging
44:06 Light Cavalry
45:07 Chain Barding Armor
44:50 Hussar
46:07 Iron Casting
45:50 Masonry
46:01 Ballistics
46:06 Bombard Tower
47:19 Plate Barding Armor
48:36 Guilds
48:56 Coinage
苟住
7:44 Loom
9:59 Feudal Age
17:05 Castle Age
15:06 Double-Bit Axe
15:41 Horse Collar
23:37 Wheelbarrow
25:20 Heavy Plow
25:56 Bow Saw
28:04 Hand Cart
27:36 Town Watch
27:55 Gold Mining
27:55 Stone Mining
31:03 Imperial Age
29:39 Scale Mail Armor
30:20 Gold Shaft Mining
30:28 Stone Shaft Mining
30:32 Forging
30:44 Grand Trunk Road
31:47 Chain Mail Armor
32:08 Iron Casting
32:47 Chemistry
32:19 Fletching
33:15 Conscription
34:14 Blast Furnace
33:10 Bodkin Arrow
33:38 Light Cavalry
34:41 Scale Barding Armor
34:54 Bracer
35:21 Shatagni
35:34 Bloodlines
36:32 Chain Barding Armor
38:10 Ballistics
38:31 Hussar
39:12 Husbandry
41:07 Plate Barding Armor
42:01 Caravan
42:02 Padded Archer Armor
44:02 Murder Holes
44:44 Heavy Camel Rider
47:13 Leather Archer Armor
47:28 Imperial Camel Rider
In9Ma
10:33 Feudal Age
8:49 Loom
8:52 Loom
11:09 Loom
14:49 Castle Age
13:53 Double-Bit Axe
13:52 Horse Collar
22:59 Wheelbarrow
25:08 Bow Saw
30:49 Imperial Age
29:14 Hand Cart
29:20 Town Watch
29:54 Gold Mining
29:54 Stone Mining
30:09 Heavy Plow
30:31 Pikeman
31:11 Squires
30:57 Arson
31:14 Scale Mail Armor
31:25 Forging
32:08 Gold Shaft Mining
32:09 Stone Shaft Mining
31:36 Elite Varangian Guard
33:44 Capped Ram
35:08 Conscription
34:09 Hamask
35:16 Siege Ram
36:17 Fletching
38:57 Northmen's Fury
40:14 Chain Mail Armor
39:46 Halberdier
40:59 Elite Skirmisher
43:02 Coinage
43:08 Bodkin Arrow
43:13 Padded Archer Armor
43:49 Iron Casting
43:44 Plate Mail Armor
43:39 Caravan
45:00 Chemistry
44:20 Ballistics
47:14 Murder Holes
47:20 Bracer
48:21 Blast Furnace
Your father like an elephant
10:14 Feudal Age
10:42 Feudal Age
11:43 Loom
12:58 Double-Bit Axe
15:23 Castle Age
17:54 Crossbowman
18:30 Horse Collar
22:41 Fletching
23:44 Wheelbarrow
25:10 Heavy Plow
25:31 Bow Saw
27:06 Padded Archer Armor
27:43 Bodkin Arrow
28:05 Leather Archer Armor
27:46 Gold Mining
31:09 Gold Shaft Mining
34:26 Imperial Age
32:26 Ballistics
32:33 Hand Cart
34:39 Stone Mining
35:33 Yeomen
35:33 Conscription
35:17 Bracer
35:48 Ring Archer Armor
36:25 Chemistry
36:35 Two-Man Saw
34:59 Arbalester
36:22 Town Watch
40:15 Caravan
40:46 Coinage
40:26 Guilds
41:49 Elite Skirmisher
44:03 Forging
43:53 Scale Mail Armor
44:07 Pikeman
44:47 Squires
44:32 Arson
46:09 Iron Casting
45:49 Chain Mail Armor
Your mother like a camel
4:43 Loom
11:07 Feudal Age
15:28 Castle Age
14:51 Double-Bit Axe
15:28 Horse Collar
17:15 Bow Saw
20:35 Forging
20:36 Scale Barding Armor
21:15 Gold Mining
22:58 Husbandry
23:15 Bloodlines
24:10 Forging
26:20 Chain Barding Armor
26:37 Iron Casting
31:31 Gold Shaft Mining
33:04 Wheelbarrow
37:14 Imperial Age
35:23 Stone Mining
36:05 Hand Cart
35:36 Town Watch
35:24 Light Cavalry
37:37 Heavy Plow
37:28 Heavy Camel Rider
39:08 Plate Barding Armor
39:33 Blast Furnace
43:18 Hussar
Connection lost

Rejoining the realm…

Still unreachable

The connection could not be restored.

Session expired

The server has moved on; the page needs a fresh start.